 Dungeon Crawl Stone Soup version 0.31.0-11-ge490571c62 (webtiles) character file.

Game seed: 14584444553749284474

250 qw the Skirmisher (level 5, -2/29 HPs)
             Began as a Deep Elf Hunter on Feb 4, 2024.
             Killed by nerve-wracking pain
             ... invoked by Grinder
              (9 damage)
             ... on level 3 of the Dungeon.
             The game lasted 00:00:28 (1248 turns).

qw the Skirmisher (Deep Elf Hunter)                 Turns: 1248, Time: 00:00:29

Health: -2/29      AC:  4    Str: 10    XL:     5   Next: 88%
Magic:  7/7        EV: 12    Int: 14    God:
Gold:   106        SH:  0    Dex: 18    Spells: 4/4 levels left

rFire   . . .        a - +0 shortbow
rCold   . . .        (shield currently unavailable)
rNeg    . . .        c - +0 leather armour
rPois   .            (no helmet)
rElec   .            b - +0 cloak
rCorr   .            (no gloves)
SInv    .            (no boots)
Will    .....        (no amulet)
Stlth   ++           (no ring)
HPRegen 0.24/turn    (no ring)
MPRegen 0.10/turn

%: no passive effects
@: no status effects
A: no striking features
a: no special abilities


You were on level 3 of the Dungeon.
You visited 1 branch of the dungeon, and saw 3 of its levels.

You collected 106 gold pieces.


   Skills:
 - Level 1.5 Fighting
 - Level 9.3 Ranged Weapons
 + Level 2.7 Dodging
 - Level 1.2 Stealth


You had 4 spell levels left.
You didn't know any spells.
Your spell library was empty.

Inventory:

Hand Weapons
 a - a +0 shortbow (weapon)
Armour
 b - a +0 cloak (worn)
 c - a +0 leather armour (worn)
Scrolls
 h - a scroll of immolation {unknown}
Potions
 d - a potion of heal wounds {unknown}
 e - a potion of lignification {unknown}
 f - a potion of magic {unknown}
 g - a potion of experience {unknown}
 i - a potion of haste {unknown}

Dungeon Overview and Level Annotations

Branches:
Dungeon (3/15)

Altars:

Annotations:
D:3 Grinder


Message History

Grinder hits you.
You writhe in agony.
You shoot an arrow. The arrow closely misses Grinder.
Grinder hits you.
You writhe in agony.
You shoot an arrow. The arrow hits Grinder!
Grinder is heavily wounded.
Grinder blinks!
You shoot an arrow. The arrow barely misses Grinder.
You shoot an arrow.
The arrow hits Grinder but does no damage.
Grinder is heavily wounded.
Grinder gestures at you.
You suddenly lose the ability to move!
Grinder gestures at you. Pain shoots through your body!
You can move again.
You shoot an arrow. The arrow hits Grinder!
Grinder is severely wounded.
You shoot an arrow. The arrow hits Grinder.
Grinder is severely wounded.
You shoot an arrow. The arrow barely misses Grinder.
You shoot an arrow. The arrow hits Grinder.
Grinder is severely wounded.
You shoot an arrow. The arrow hits Grinder!
Grinder is almost dead.
Grinder blinks!
You shoot an arrow.
The arrow hits Grinder but does no damage.
Grinder is almost dead.
Grinder gestures at you. You resist with significant effort.
You shoot an arrow. The arrow closely misses Grinder.
Grinder gestures at you. Pain shoots through your body!
You shoot an arrow.
The arrow hits Grinder but does no damage.
Grinder is almost dead.
Grinder gestures at you. Pain shoots through your body!
You die...
Grinder sighs, "Dead already?
I want a refund."

.......~P~.....####
#...##.~~P.(..###
#.#.###..7###)..###
#5..#....# #......#
..####....##.###......#
......................%
#####..#.##.#...)....#
#..>.##.##.......#
#@#........##.###.
#...#........##... .
....###........##.#...
...### #........##.##..
## #........##.# #.
##...#### .# . ###. ##


You could see Grinder.

Vanquished Creatures
  Sigmund (D:3)
  4 adders
  A dart slug (D:2)
  A ribbon worm (D:2)
  An orc (D:3)
  A bat (D:1)
  7 endoplasms
  5 giant cockroaches
  5 goblins
  5 hobgoblins
  A kobold (D:1)
  2 quokkas
  5 ball pythons
  2 frilled lizards (D:3)
  2 rats (D:1)
43 creatures vanquished.

Notes
Turn   | Place    | Note
-------+----------+-------------------------------------------
     0 | D:1      | qw the Deep Elf Hunter began the quest for the Orb.
     0 | D:1      | Reached XP level 1. HP: 12/12 MP: 3/3
     0 | D:1      | 0 ||| qw: Version: 0.3-a-160-g6735b56
     0 | D:1      | 0 ||| qw: Game counter: 5843
     0 | D:1      | 0 ||| qw: Melee chars always use a shield: true
     0 | D:1      | 0 ||| qw: God list: Okawaru
     0 | D:1      | 0 ||| qw: Allow faded altars: false
     0 | D:1      | 0 ||| qw: Do Orc after clearing Dungeon:15 true
     0 | D:1      | 0 ||| qw: Do second Lair branch before Depths: true
     0 | D:1      | 0 ||| qw: Lair rune preference: random
     0 | D:1      | 0 ||| qw: Goals: Normal
     0 | D:1      | 0 ||| PLANNING D:1-11
    43 | D:1      | Reached XP level 2. HP: 16/16 MP: 4/4
    47 | D:1      | Reached skill level 6 in Ranged Weapons
   415 | D:1      | 415 ||| READING scroll labelled TIOGUAS TOUHAN.
   415 | D:1      | 415 ||| ENCHANTING +0 shortbow.
   416 | D:1      | 416 ||| READING scroll labelled MEYH XAKUISASO.
   417 | D:1      | 417 ||| READING scroll labelled EQU ATTYSO.
   418 | D:1      | 418 ||| DROPPING scroll of butterflies.
   431 | D:2      | 431 ||| RETREEEEATING.
   444 | D:2      | Reached XP level 3. HP: 10/20 MP: 5/5
   555 | D:2      | Reached skill level 7 in Ranged Weapons
   975 | D:2      | Reached XP level 4. HP: 25/25 MP: 6/6
  1065 | D:2      | 1065 ||| UPGRADING to +0 cloak.
  1070 | D:2      | 1070 ||| READING scroll labelled HEDGHE GAINNU.
  1117 | D:3      | Noticed Sigmund
  1127 | D:3      | Killed Sigmund
  1128 | D:3      | Reached skill level 9 in Ranged Weapons
  1128 | D:3      | Reached XP level 5. HP: 17/29 MP: 7/7
  1128 | D:3      | 1128 ||| FLEEEEING.
  1129 | D:3      | 1129 ||| FLEEEEING.
  1221 | D:3      | Noticed Grinder
  1230 | D:3      | Paralysed by Grinder for 5 turns
  1236 | D:3      | HP: 7/29 [Grinder (1)]
  1239 | D:3      | Paralysed by Grinder for 2 turns
  1247 | D:3      | HP: 7/29 [Grinder/nerve-wracking pain (2)]
  1248 | D:3      | Killed from afar by Grinder

Levels and vault maps discovered:
D:1:      lemuel_arrival_behind_the_door_large, layout_rooms,
          chequers_mini_garden
D:2:      layout_rooms, kennysheep_crisscross
D:3:      layout_rooms, serial_bayou_pond_e, uniq_sigmund, uniq_grinder

Skill      XL: |  1  2  3  4 |
---------------+-------------+-----
Ranged Weapons | 6 7 9 |  9.3
Fighting       | |  1.5
Dodging        | |  2.7
Stealth        | |  1.2

Action                     |  1- 3 |  4- 6 || total
---------------------------+-------+-------++-------
   Fire: Shortbow          |    93 |    56 ||   149
    Use: Scroll            |     3 |     1 ||     4
 Armour: Leather armour    |    28 |    11 ||    39
  Dodge: Dodged            |    32 |     6 ||    38

Table legend:
 A = Non-vault XP
 B = Vault XP
 C = Vault XP percentage of total XP
 D = Non-vault monster count
 E = Vault monster count
 F = Vault count percentage of total count
                 A         B        C        D         E       F
            +---------+---------+-------+---------+---------+-------
      Total |     127 |     231 |  64.5 |      42 |       1 |   2.3
            +---------+---------+-------+---------+---------+-------
        D:1 |      31 |       0 |   0.0 |      17 |       0 |   0.0
        D:2 |      68 |       0 |   0.0 |      16 |       0 |   0.0
        D:3 |      28 |     231 |  89.2 |       9 |       1 |  10.0
            +---------+---------+-------+---------+---------+-------
